 Dungeon Crawl Stone Soup version 0.30-a0-760-g5a9884bb7c (webtiles) character file.

Game seed: 6322481945360075423

160 Pooter the Trooper (level 5, 0/48 HPs)
             Began as a Minotaur Berserker on Feb 10, 2023.
             Was a Believer of Trog.
             Killed by divine providence
             ... invoked by an orc priest
              (12 damage)
             ... on level 3 of the Dungeon.
             The game lasted 00:08:47 (2212 turns).

Pooter the Trooper (Minotaur Berserker)             Turns: 2212, Time: 00:08:48

Health: 0/48       AC:  2    Str: 23    XL:     5   Next: 17%
Magic:  4/4        EV: 11    Int:  4    God:    Trog [**....]
Gold:   70         SH:  8    Dex: 10    Spells: 4/4 levels left

rFire   . . .      SeeInvis .    a - +0 hand axe
rCold   . . .      Faith    .    i - +0 buckler
rNeg    . . .      Spirit   .    c - +0 animal skin
rPois   .          Reflect  +    (helmet restricted)
rElec   .          Harm     .    (no cloak)
rCorr   .          Rampage  .    (no gloves)
Will    .....                    (no boots)
Stlth   +                        m - amulet of reflection
HPRegen 0.28/turn                (no ring)
MPRegen 0.09/turn                (no ring)

@: on berserk cooldown, slowed, very slow
A: horns 2, retaliatory headbutt
a: Renounce Religion, Berserk, Trog's Hand


You were on level 3 of the Dungeon.
You worshipped Trog.
Trog was pleased with you.
You visited 1 branch of the dungeon, and saw 3 of its levels.

You collected 112 gold pieces.
You spent 42 gold pieces at shops.

Inventory:

Hand Weapons
 a - a +0 hand axe (weapon)
 b - a +0 sling
   (You found it on level 1 of the Dungeon)
Missiles
 Q - 9 stones (quivered)
Armour
 c - a +0 animal skin (worn)
 i - a +0 buckler (worn)
   (You found it on level 2 of the Dungeon)
Jewellery
 m - an amulet of reflection (around neck)
   (You found it on level 3 of the Dungeon)
Scrolls
 l - a scroll of poison {unknown}
 o - a scroll of enchant armour {unknown}
Potions
 d - a potion of resistance {unknown}
 e - 2 potions of flight {unknown}
 f - 3 potions of curing {@q1}
 g - a potion of magic {unknown}
 h - a potion of might
 j - 3 potions of attraction {unknown}
 k - a potion of invisibility {unknown}
 n - a potion of lignification {unknown}


   Skills:
 * Level 5.3 Fighting
 + Level 4.5 Axes
 * Level 3.2 Ranged Weapons
 - Level 2.4 Armour
 - Level 2.1 Dodging


You had 4 spell levels left.
You didn't know any spells.
Your spell library was empty.

Dungeon Overview and Level Annotations

Branches:
Dungeon (3/15)

Altars:
Okawaru
Wu Jian

Shops:
D:1 *


Innate Abilities, Weirdness & Mutations

You have a pair of horns on your head.
You reflexively headbutt those who attack you in melee.


Message History

You kill the orc!
Trog accepts your kill.
The orc priest calls down the wrath of Beogh upon you.
Beogh smites you!
The orc priest hits you with a +0 falchion.
You block the orc priest's attack.
Things that are here:
a +0 mace; an orc corpse You hit the orc priest.
Your headbutt misses the orc priest.
The orc priest hits you with a +0 falchion.
You hit the orc priest.
You feel the effects of Trog's Hand fading.
The orc priest hits you with a +0 falchion!
The orc priest barely misses you.
You closely miss the orc priest. The orc priest barely misses you.
The orc priest hits you with a +0 falchion.
You hit the orc priest. You block the orc priest's attack.
The orc priest calls upon Beogh to heal the orc priest.
The orc priest is healed somewhat.
You hit the orc priest. Your headbutt misses the orc priest.
The orc priest hits you with a +0 falchion!
* * * LOW HITPOINT WARNING * * *
The orc priest closely misses you.
You hit the orc priest.
Your skin stops crawling.
You feel less strong-willed.
The orc priest looks encouraged for a moment.
The orc priest hits you with a +0 falchion.
* * * LOW HITPOINT WARNING * * *
The orc priest casts a cantrip, but nothing happens.
You barely miss the orc priest. The orc priest closely misses you.
You furiously retaliate!
You headbutt the orc priest.
You kill the orc priest!
Trog accepts your kill.
You have reached level 5!
You barely miss the orc priest. The orc priest barely misses you.
The orc priest looks encouraged for a moment.
You slash the orc priest!
You headbutt the orc priest, but do no damage.
The orc priest invokes the aid of Beogh against you.
Beogh smites you!
* * * LOW HITPOINT WARNING * * *
You hit the orc priest but do no damage.
Your headbutt misses the orc priest.
The orc priest calls down the wrath of Beogh upon you.
You barely resist. The orc priest barely misses you.
You hit the orc priest but do no damage.
Your headbutt misses the orc priest.
The orc priest calls down the wrath of Beogh upon you.
Beogh smites you!
You die...

###....################
......................#
.......####)..).......#####
..<.....o@...............)
#....#####..........#####
#........######.......###
#........# #..♣.##...#
#....†)..# #....####.#
#.....<..# #.._.####.#
#..<.....#######.........
#................♣......#
#........#######........#


You could see an orc priest.

Vanquished Creatures
  An orc priest (D:3)
  An orc wizard (D:3)
  Robin (D:3)
  An adder (D:3)
  A worm (D:2)
  A dart slug (D:2)
  2 orcs (D:3)
  7 endoplasms
  4 giant cockroaches
  13 goblins
  10 hobgoblins
  3 jackals
  A quokka (D:1)
  5 ball pythons
  8 bats
  3 frilled lizards
  5 kobolds
  6 rats
73 creatures vanquished.

Notes
Turn   | Place    | Note
-------+----------+-------------------------------------------
     0 | D:1      | Pooter the Minotaur Berserker began the quest for the Orb.
     0 | D:1      | Reached XP level 1. HP: 19/19 MP: 0/0
   232 | D:1      | Reached skill level 4 in Fighting
   257 | D:1      | Reached XP level 2. HP: 27/27 MP: 1/1
   271 | D:1      | Reached skill level 1 in Ranged Weapons
   622 | D:1      | Reached ** piety under Trog
   793 | D:1      | Reached XP level 3. HP: 33/33 MP: 2/2
   813 | D:1      | Found Homanet's General Store.
   817 | D:1      | Bought a potion of curing for 42 gold pieces
  1007 | D:2      | Found a faded altar of an unknown god.
  1525 | D:2      | Found an ornate altar of the Wu Jian Council.
  1925 | D:3      | Reached XP level 4. HP: 41/41 MP: 3/3
  2052 | D:3      | Found an iron altar of Okawaru.
  2108 | D:3      | Noticed Robin
  2117 | D:3      | Killed Robin
  2118 | D:3      | Reached skill level 5 in Fighting
  2209 | D:3      | Reached XP level 5. HP: 22/48 MP: 4/4
  2212 | D:3      | Killed from afar by an orc priest

Illustrated notes

Levels and vault maps discovered:
D:1:      evilmike_arrival_fibonacci_small, layout_loops_corners, serial_shops,
          shop, grunt_decor_junction, minivault_26
D:2:      layout_basic, basic_altar, nicolae_ecumenical_oubliette, st_stairs_14
D:3:      layout_rooms, mainiacjoe_overflow_tiny_flanked, uniq_robin

Skill      XL: |  1  2  3  4 |
---------------+-------------+-----
Fighting       | 4 5 |  5.3
Ranged Weapons | 1 2 3 |  3.2
Axes           | 4 |  4.5
Armour         | |  2.4
Dodging        | |  2.1

Action                     |  1- 3 |  4- 6 || total
---------------------------+-------+-------++-------
  Melee: Hand axe          |    45 |    37 ||    82
         Headbutt          |     5 |     8 ||    13
   Fire: Sling             |   101 |    23 ||   124
 Invoke: Berserk           |     2 |     2 ||     4
         Trog's Hand       |       |     2 ||     2
 Armour: Animal skin       |    17 |       ||    17
  Dodge: Dodged            |    51 |    25 ||    76
  Block: Buckler           |     1 |    13 ||    14

Table legend: (Time is in decaauts)
 A = Elapsed time spent in this place.
 B = Non-inter-level travel time spent in this place.
 C = Inter-level travel time spent in this place.
 D = Time resting spent in this place.
 E = Time spent auto-exploring this place.
 F = Levels seen in this place.
 G = Mean time per level.
                   A        B        C        D        E       F      G
               +--------+--------+--------+--------+--------+-----+--------+
         Total |   2288 |   2127 |    161 |    175 |   1489 |   3 |  762.7 |
       Dungeon |   2288 |   2127 |    161 |    175 |   1489 |   3 |  762.7 |
               +--------+--------+--------+--------+--------+-----+--------+

Top non-repeatable levels by time:
     D:1: 1226 daAuts
     D:2: 735 daAuts
     D:3: 326 daAuts
